AoeStats
← Fänncy

Arena

510189036Analyzed
2v2 RM · 3d ago on Sep 29, 2026· 88m 53s· 4 players
Game mode
Random Map
Map size
Medium (4 player)
Population
200
Speed
Normal
Resources
Standard
Victory
Conquest
Starting age
Dark Age
Ending age
Imperial Age
RankedLock teamsTeams togetherTeam positionsShared explorationLock speedFull tech treeHidden civsTurbo modeCheats
Victory
Defeat
🇩🇪 Danes · Germany
1037
+20
🇨🇱 Franks · Chile
1036
+15
🇷🇸 Khmer · Serbia
1029
-16
🇷🇸 Ethiopians · Serbia
992
-14
marko0311
10:54 Feudal Age
15:23 Castle Age
14:45 Double-Bit Axe
14:44 Horse Collar
17:02 Loom
26:57 Imperial Age
27:10 Ballistics
27:02 Squires
27:26 Padded Archer Armor
27:17 Fletching
30:16 Chemistry
29:12 Murder Holes
29:27 Fortified Wall
32:57 Siege Engineers
38:12 Leather Archer Armor
37:53 Bodkin Arrow
46:13 Wheelbarrow
49:43 Conscription
53:06 Torsion Engines
54:20 Heavy Scorpion
56:52 Bow Saw
56:59 Hand Cart
68:54 Halberdier
Mr. Peacemaker
11:39 Feudal Age
15:10 Castle Age
13:28 Double-Bit Axe
13:26 Horse Collar
14:58 Gold Mining
16:00 Heavy Plow
18:23 Bow Saw
20:25 Stone Mining
26:38 Wheelbarrow
25:50 Loom
25:52 Town Watch
29:34 Imperial Age
28:10 Fletching
28:31 Forging
28:26 Scale Mail Armor
28:32 Scale Barding Armor
28:30 Husbandry
29:18 Hand Cart
29:33 Bloodlines
29:25 Light Cavalry
30:38 Bodkin Arrow
30:45 Hussar
33:31 Iron Casting
35:16 Crop Rotation
34:13 Pikeman
35:36 Conscription
36:06 Heavy Scorpion
39:14 Siege Engineers
42:21 Chain Barding Armor
44:12 Gold Shaft Mining
45:06 Ballistics
44:57 Fortified Wall
44:59 Masonry
47:35 Blast Furnace
47:11 Plate Barding Armor
46:37 Bracer
46:38 Padded Archer Armor
46:54 Chain Mail Armor
48:56 Elite Battle Elephant
51:53 Chemistry
57:17 Double Crossbow
59:42 Arson
65:16 Leather Archer Armor
66:31 Capped Ram
70:54 Siege Ram
73:41 Hoardings
78:57 Architecture
Fänncy
10:22 Feudal Age
15:20 Castle Age
13:40 Double-Bit Axe
14:08 Horse Collar
16:58 Bow Saw
19:40 Loom
19:51 Stone Mining
21:12 Wheelbarrow
20:25 Town Watch
24:08 Hand Cart
24:18 Hand Cart
25:01 Gold Mining
28:56 Imperial Age
26:25 Fletching
27:08 Bodkin Arrow
28:01 Padded Archer Armor
28:11 Thumb Ring
28:47 Ballistics
28:39 Masonry
29:54 Bloodlines
29:45 Husbandry
29:49 Bracer
30:36 Gold Shaft Mining
32:03 Chemistry
30:46 Cranequins
32:09 Leather Archer Armor
33:54 Conscription
33:47 Heavy Mounted Crossbowman
34:43 Onager
34:50 Northmen's Fury
38:10 Ring Archer Armor
37:10 Siege Onager
39:23 Siege Engineers
39:56 Squires
39:42 Arson
39:20 Elite Varangian Guard
39:46 Gambesons
42:50 Scale Mail Armor
43:01 Forging
42:43 Hamask
44:57 Chain Mail Armor
45:18 Iron Casting
46:18 Plate Mail Armor
49:37 Blast Furnace
49:19 Hoardings
48:57 Heavy Plow
50:39 Murder Holes
50:30 Arrowslits
52:20 Elite Jomsviking
67:11 Caravan
78:43 Capped Ram
80:16 Siege Ram
catstorm
1:47 Loom
10:48 Feudal Age
16:47 Castle Age
15:11 Double-Bit Axe
16:17 Stone Mining
17:08 Forging
22:46 Wheelbarrow
26:16 Town Watch
30:44 Imperial Age
28:07 Light Cavalry
29:19 Gold Mining
31:11 Hand Cart
31:06 Fletching
31:16 Scale Mail Armor
31:32 Husbandry
31:46 Treadmill Crane
32:02 Murder Holes
33:39 Bow Saw
34:49 Conscription
34:42 Cavalier
37:09 Ballistics
37:01 Masonry
36:58 Scale Barding Armor
37:29 Iron Casting
36:58 Town Patrol
37:41 Conscription
36:59 Pikeman
38:05 Chain Barding Armor
37:40 Bodkin Arrow
38:30 Hoardings
37:56 Elite Throwing Axeman
40:52 Chivalry
44:10 Plate Barding Armor
44:36 Blast Furnace
43:49 Pikeman
44:15 Gambesons
44:16 Arson
46:11 Chemistry
45:26 Padded Archer Armor
45:42 Chain Mail Armor
46:27 Blast Furnace
45:30 Squires
45:16 Arson
45:59 Heavy Mounted Crossbowman
46:00 Cranequins
46:27 Cranequins
50:40 Leather Archer Armor
50:55 Plate Mail Armor
49:49 Ordonnance Companies
51:14 Gold Shaft Mining
60:52 Cavalier
66:50 Coinage
67:11 Paladin
70:58 Caravan
82:41 Elite Skirmisher
Connection lost

Rejoining the realm…

Still unreachable

The connection could not be restored.

Session expired

The server has moved on; the page needs a fresh start.